 Dungeon Crawl Stone Soup version 0.30-a0-782-ge64f9170bb (webtiles) character file.

Game seed: 6087665971319815071

46 IndexError the Shooter (level 3, 0/23 HPs)
             Began as a Gargoyle Hunter on Mar 2, 2023.
             Slain by Crazy Yiuf
             ... wielding a +3 quarterstaff of chaos
              (4 damage)
             ... on level 2 of the Dungeon.
             The game lasted 00:01:34 (1125 turns).

IndexError the Shooter (Gargoyle Hunter)            Turns: 1125, Time: 00:01:35

Health: 0/23       AC:  6    Str: 14    XL:     3   Next: 68%
Magic:  3/3        EV: 11    Int:  9    God:
Gold:   51         SH:  0    Dex: 15    Spells: 2/2 levels left

rFire   . . .      SeeInvis .    a - +0 shortbow
rCold   . . .      Faith    .    (shield currently unavailable)
rNeg    + . .      Spirit   .    c - +0 leather armour
rPois   ∞          Reflect  .    (no helmet)
rElec   +          Harm     .    (no cloak)
rCorr   .          Rampage  .    (no gloves)
Will    .....                    (no boots)
Stlth   +                        l - amulet of the acrobat
HPRegen 0.23/turn                (no ring)
MPRegen 0.08/turn                (no ring)

@: confused
A: sickness immunity, AC +3, negative energy resistance 1, electricity
resistance, torment resistance 1, petrification resistance
a: no special abilities


You were on level 2 of the Dungeon.
You visited 1 branch of the dungeon, and saw 2 of its levels.

You collected 51 gold pieces.

Inventory:

Hand Weapons
 a - a +0 shortbow (weapon)
Armour
 c - a +0 leather armour (worn)
 d - a +0 pair of gloves
   (You found it on level 1 of the Dungeon)
 k - a +0 pair of gloves
   (You found it on level 1 of the Dungeon)
Jewellery
 l - an amulet of the acrobat (around neck)
   (You found it on level 2 of the Dungeon)
Scrolls
 b - 2 scrolls of immolation {!r}
 e - 2 scrolls of fear {unknown}
 f - a scroll of identify {unknown}
 g - 2 scrolls of fog {unknown}
 n - 2 scrolls of teleportation {unknown}
 p - a scroll of vulnerability {unknown}
 q - a scroll of enchant weapon {unknown}
Potions
 h - a potion of mutation {unknown}
 i - a potion of lignification {unknown}
 j - 2 potions of ambrosia {unknown}
 m - a potion of might {unknown}
 o - a potion of curing {unknown}
 r - a potion of cancellation {unknown}


   Skills:
 + Level 3.0 Fighting
 * Level 4.9 Ranged Weapons
 - Level 1.5 Dodging
 - Level 1.1 Stealth


You had 2 spell levels left.
You didn't know any spells.
Your spell library contained the following spells:

 Spells                   Type           Power      Damage    Failure   Level
 Summon Small Mammal      Summ           0%         N/A       45%         1
 Call Canine Familiar     Summ           0%         N/A       83%         3
 Summon Guardian Golem    Hex/Summ       0%         N/A       83%         3


Dungeon Overview and Level Annotations

Branches:
Dungeon (2/15)

Altars:

Annotations:
D:2 Crazy Yiuf


Innate Abilities, Weirdness & Mutations

You are immune to sickness and miasma.
Your stone body is resilient. (AC +3)
You are immune to poison.
You resist negative energy. (rN+)
You are resistant to electric shocks. (rElec)
You are resistant to unholy torment.
You are immune to petrification.


Message History

An endoplasm comes into view.
An endoplasm is nearby!
You shoot an arrow. The arrow hits the endoplasm.
The endoplasm quivers.
You shoot an arrow. The arrow hits the endoplasm!
No target in view!
No target in view!
A giant cockroach comes into view.
The giant cockroach moves out of view.
You shoot an arrow. The arrow hits the giant cockroach.
You shoot an arrow.
The arrow hits the giant cockroach but does no damage.
You shoot an arrow. The arrow hits the giant cockroach.
You shoot an arrow.
The arrow hits the giant cockroach but does no damage.
The giant cockroach bites you but does no damage.
You shoot an arrow. The arrow hits the giant cockroach.
Your Fighting skill increases to level 3!
Health restored: 23 No target in view!
No target in view!
A ball python comes into view.
You shoot an arrow. The arrow hits the ball python.
No target in view!
No target in view!
No target in view!
No target in view!
n - a scroll labelled BACZIY OBOKU You now have 42 gold pieces (gained 5).
Found an escape hatch in the floor.
You now have 51 gold pieces (gained 9).
o - a bubbling green potion
Found an escape hatch in the ceiling.
n - 2 scrolls labelled BACZIY OBOKU (gained 1)
b - 2 scrolls of immolation {!r} (gained 1)
A goblin comes into view. It is wielding a +0 dagger.
You shoot an arrow. The arrow hits the goblin.
No target in view!
No target in view!
No target in view!
p - a scroll labelled VODWUA VOSAV
Found a stone staircase leading down.
q - a scroll labelled YJYIH YLLEA
Things that are here:
a +0 dagger; a goblin corpse A ball python comes into view.
The ball python hisses angrily.
You shoot an arrow. The arrow hits the ball python!
No target in view!
No target in view!
No target in view!
A goblin comes into view. It is wielding a +0 dagger.
The goblin shouts!
You shoot an arrow. The arrow hits the goblin!
No target in view!
No target in view!
No target in view!
r - a metallic puce potion A frilled lizard comes into view.
A frilled lizard is nearby!
You shoot an arrow. The arrow hits the frilled lizard.
No target in view!
No target in view!
You see here a frilled lizard corpse.
You see here a frilled lizard corpse.
Marking area around Crazy Yiuf as unsafe for travelling.
You're in a travel-excluded area, stopping explore.
Partly explored, can't reach some places.
Partly explored, can't reach some places.
Partly explored, can't reach some places.
Partly explored, can't reach some places.
You aren't carrying any items that you can evoke.
You aren't carrying any items that you can evoke.
Unknown command.
There is a stone staircase leading down here.
Really walk into a travel-excluded area? [Y]es or [N]o only, please.
Really walk into a travel-excluded area?
Crazy Yiuf shouts!
You open the door. You shoot an arrow. The arrow hits Crazy Yiuf!
Crazy Yiuf hits you with a +3 quarterstaff of chaos!
Ouch! That really hurt!
You are confused.
You take 12 damage, and have 11/23 hp.
MASSIVE DAMAGE!!
You are too injured to fight recklessly!
You are too injured to fight recklessly!
You are too injured to fight recklessly!
You are too injured to fight recklessly!
Non-targeted confused fire: a) +0 shortbow
Press: ? - help, Q - select action Dir - look around, f - activate You shoot an arrow.
Crazy Yiuf completely misses you.
Non-targeted confused fire: a) +0 shortbow
Press: ? - help, Q - select action Dir - look around, f - activate You shoot an arrow.
Crazy Yiuf hits you with a +3 quarterstaff of chaos!
* * * LOW HITPOINT WARNING * * *
Crazy Yiuf burns you.
You die...

..#......#.......##....##..#####.
..#....................##..# #.
..#..............##....##.######.
..#......################.....)..
..#.#....# #>.<..... ..#..#.#.#
#######........ ..#..#...# ###
###.#............ ...##....#
#...##..#..P.........) .........#
#...g@####.P.......... .........#
#)..### ##P.......... ....>....#
### ####......[. #####....#
#........ #....# #........
#....########## ####........
#.............# #....#####..
#........(....# #....# #..
#.............# #....# ###


You could see Crazy Yiuf.

Vanquished Creatures
  A gnoll (D:1)
  An adder (D:2)
  A dart slug (D:1)
  2 endoplasms (D:2)
  2 giant cockroaches
  7 goblins
  2 hobgoblins (D:1)
  2 ball pythons (D:2)
  A frilled lizard (D:2)
  2 kobolds (D:1)
  3 rats (D:1)
24 creatures vanquished.

Notes
Turn   | Place    | Note
-------+----------+-------------------------------------------
     0 | D:1      | IndexError the Gargoyle Hunter began the quest for the Orb.
     0 | D:1      | Reached XP level 1. HP: 12/12 MP: 1/1
    52 | D:1      | Reached XP level 2. HP: 18/18 MP: 2/2
   240 | D:1      | Reached XP level 3. HP: 22/22 MP: 3/3
   692 | D:2      | Reached skill level 3 in Fighting
   995 | D:2      | Found a runed translucent door.
   996 | D:2      | Noticed Crazy Yiuf
  1125 | D:2      | HP: 4/23 [Crazy Yiuf/+3 quarterstaff of chaos (8)]
  1125 | D:2      | Slain by Crazy Yiuf

Illustrated notes

Levels and vault maps discovered:
D:1:      saegor_arrival_miasma, layout_rooms, chequers_serial_rivers_large_a,
          minmay_misc_feat_nine_boxes
D:2:      layout_basic, minmay_curled_crystal, uniq_crazy_yiuf_cottage

Skill      XL: |  1  2  3 |
---------------+----------+-----
Fighting       | 3 |  3.0
Ranged Weapons | |  4.9
Dodging        | |  1.5
Stealth        | |  1.1

Action                     || total
---------------------------++-------
   Fire: Shortbow          ||    64
 Armour: Leather armour    ||     7
  Dodge: Dodged            ||    14

Table legend: (Time is in decaauts)
 A = Elapsed time spent in this place.
 B = Non-inter-level travel time spent in this place.
 C = Inter-level travel time spent in this place.
 D = Time resting spent in this place.
 E = Time spent auto-exploring this place.
 F = Levels seen in this place.
 G = Mean time per level.
                   A        B        C        D        E       F      G
               +--------+--------+--------+--------+--------+-----+--------+
         Total |   1150 |   1025 |    125 |      0 |    875 |   2 |  575.0 |
       Dungeon |   1150 |   1025 |    125 |      0 |    875 |   2 |  575.0 |
               +--------+--------+--------+--------+--------+-----+--------+

Top non-repeatable levels by time:
     D:1: 592 daAuts
     D:2: 557 daAuts

Table legend:
 A = Kills in this place as a percentage of kills in entire the game.
 B = Kills by you in this place as a percentage of kills by you in the entire game.
 C = Kills by friends in this place as a percentage of kills by friends in the entire game.
 D = Other kills in this place as a percentage of other kills in the entire game.
 E = Experience gained in this place as a percentage of experience gained in the entire game.
 F = Experience gained in this place divided by the number of levels of this place that you have seen.
                   A       B       C       D       E      F
               +-------+-------+-------+-------+-------+----------------------
         Total | 100.0 | 100.0 |   N/A |   N/A | 100.0 |  33.5
       Dungeon | 100.0 | 100.0 |   N/A |   N/A | 100.0 |  33.5
               +-------+-------+-------+-------+-------+----------------------
